 Dungeon Crawl Stone Soup version 0.19-a0-1908-g43c011f (webtiles) character file.

54096 Jorund the Severer (level 14, -3/103 HPs)
             Began as a Demonspawn Gladiator on Oct 22, 2016.
             Was a High Priest of Okawaru.
             Killed by divine providence
             ... invoked by an orc high priest
              (12 damage)
             ... on level 2 of the Orcish Mines.
             The game lasted 00:58:07 (21213 turns).

Jorund the Severer (Demonspawn Gladiator)          Turns: 21213, Time: 00:58:08

Health: -3/103     AC: 26    Str: 20    XL:     14   Next: 33%
Magic:  0/19       EV: 11    Int: 13    God:    Okawaru [*****.]
Gold:   1654       SH:  0    Dex: 16    Spells: 0 memorised, 13 levels left

rFire  + . .     SeeInvis +     G - +4 battleaxe "Jucuet" {venom, rElec}
rCold  . . .     Gourm    .     q - +2 chain mail {MR+}
rNeg   . . .     Faith    .     (shield currently unavailable)
rPois  +         Spirit   .     T - +2 hat {SInv}
rElec  +         Reflect  .     n - +0 cloak
rCorr  .         Harm     .     F - +2 pair of gloves {Dex+3}
MR     ++...                    (boots unavailable)
Stlth  ..........               (no amulet)
                                u - ring of poison resistance
                                I - +6 ring of protection

@: about to teleport
A: horns 1, talons 3, blink, clever 1, fire resistance 1, spiny 1, wild magic 1,
flame cloud immunity, sturdy frame 2
a: Blink, Heroism, Finesse, Renounce Religion


You were on level 2 of the Orcish Mines.
You worshipped Okawaru.
Okawaru was extremely pleased with you.
You were not hungry.

You visited 3 branches of the dungeon, and saw 19 of its levels.

You collected 2145 gold pieces.
You spent 491 gold pieces at shops.

Inventory:

Hand Weapons
 G - the +4 battleaxe "Jucuet" (weapon) {venom, rElec}
   (You acquired it on level 8 of the Dungeon)

   It poisons the flesh of those it strikes.
   It insulates you from electricity.
 L - the +8 eveningstar of the Aged Beds {freeze, rF+}
   (You found it on level 5 of the Lair of Beasts)

   It has been specially enchanted to freeze those struck by it, causing extra
   injury to most foes and up to half again as much damage against particularly
   susceptible opponents.
   It can also slow down cold-blooded creatures.
   It protects you from fire.
 N - a +0 blowgun
Missiles
 a - a throwing net (quivered)
 c - 8 poisoned javelins
 D - 7 javelins of penetration
 M - 24 curare-tipped needles
Armour
 m - a +2 scale mail of fire resistance
 n - a +0 cloak (worn)
 q - a +2 chain mail of magic resistance (worn)
 r - a +1 buckler of protection
 F - a +2 pair of gloves of dexterity (worn)
 T - a +2 hat of see invisible (worn)
Jewellery
 e - an uncursed ring of protection from fire
 t - an uncursed ring of resist corrosion
 u - a ring of poison resistance (right hand)
 z - an uncursed ring of positive energy
 I - a +6 ring of protection (left hand)
 J - an uncursed ring of ice
Wands
 b - a wand of iceblast (6/15)
 d - a wand of digging (10/24)
 E - a wand of paralysis (0/24)
 O - a wand of iceblast (10/15)
 S - a wand of lightning (6/15)
Scrolls
 l - 5 scrolls of fog
 p - 3 scrolls of enchant armour
 y - 2 scrolls of amnesia
 B - 10 scrolls of remove curse
 C - 2 scrolls of silence
 H - a scroll of recharging
 P - 5 scrolls of identify
 Q - a scroll of fear
 X - 3 scrolls of teleportation
 Y - 2 scrolls of enchant weapon
 Z - a scroll of blinking
Potions
 h - a potion of mutation
 i - 4 potions of curing
 j - 2 potions of brilliance
 k - 3 potions of flight
 s - a potion of haste
 v - 2 potions of magic
 K - a potion of cancellation
 R - a potion of heal wounds
 W - a potion of cure mutation
Books
 U - a book of Necromancy

   Spells                             Type                      Level
   a - Pain                           Necromancy                   1
   b - Animate Skeleton               Necromancy                   1
   c - Vampiric Draining              Necromancy                   3
   d - Regeneration                   Charms/Necromancy            3
   e - Animate Dead                   Necromancy                   4
   f - Control Undead                 Necromancy                   4
Miscellaneous
 w - a lamp of fire
Comestibles
 f - 9 bread rations
 g - 11 slices of pizza
 o - 25 fruits
 x - 9 meat rations
 A - 4 beef jerkies
 V - 4 chunks of flesh


   Skills:
 + Level 7.2 Fighting
 + Level 18.1 Axes
 - Level 1.7 Throwing
 + Level 10.5 Armour
 - Level 2.6 Dodging
 - Level 7.1 Invocations
 - Level 0.6 Evocations


You had 13 spell levels left.
You didn't know any spells.

Dungeon Overview and Level Annotations

Branches:
Dungeon (11/15)            Temple (0/1) D:7            Lair (6/6) D:11
  Swamp (0/4) Lair:3        Snake (0/4) Lair:3        Slime (0/5) Lair:6
    Orc (2/2) D:9
    Elf: Orc:2

Altars:
Ashenzari
Dithmenos
Elyvilon
Gozag
Kikubaaqudgha
Nemelex Xobeh
Okawaru
Qazlal
Sif Muna
Trog
Yredelemnul
Zin
Beogh
Jiyva

Shops:
D:4 [   D:5 =   Orc:2 [**:


Innate Abilities, Weirdness & Mutations

You have claws for feet.
Your flesh is heat resistant. (rF+)
You are partially covered in sharp spines.
You are immune to clouds of flame.
Your movements are less encumbered by armour. (ER -4)
You have a pair of small horns on your head.
You can translocate small distances at will.
Your mind is acute. (Int +2)
Your spells are a little harder to cast, but a little more powerful.


Message History

You closely miss the ufetubus. The ufetubus is struck by your spines.
The ufetubus barely misses you. x2
The orc high priest hits you from afar with a glaive of freezing.
The orc high priest freezes you.
The orc warrior hits you from afar with a halberd of venom!!
* * * LOW HITPOINT WARNING * * *
The ufetubus is struck by your spines. The ufetubus barely misses you.
The ufetubus hits you but does no damage.
You feel better.
The ufetubus hits you but does no damage. x4
The hellwing barely misses you. The hellwing closely misses you.
The orc misses you. The orc warrior closely misses you.
The orc warrior hits you from afar with an antimagic glaive!
* * * LOW HITPOINT WARNING * * *
You feel your power leaking away.
The ufetubus hits you but does no damage.
The ufetubus barely misses you.
The orc high priest mumbles some strange prayers to Beogh against you.
Beogh smites you!
You die...

.......................
........................
...........#............
.....####.#.#..........8
...... ##..............
..## ##.#...........
#.##.....o.....
....#..455o..... ...
#....@o54.... ...
##.$.))o3...P
........$.o.o...#.
...$........#.#
#........$......
#...#........#.#
#.....#....... .
#.............


You could see an orc knight, an orc high priest, a hellwing, an ice devil, a
ynoxinul, 3 orc warriors, an orc and 3 ufetubi.

Vanquished Creatures
  An orc warlord (Orc:2)
  The ghost of TugoseryaHuesosov the Impaler, a journeyman MfGl of Hepliaklqana (Lair:4)
  Fannar (D:11)
  A tengu warrior (D:11)
  An orc high priest (Orc:2)
  Sonja (D:10)
  A fire crab (Lair:5)
  A skeletal warrior (D:11)
  An unseen horror (D:11)
  A hill giant (D:11)
  5 orc knights (Orc:2)
  An ugly thing (D:9)
  A deep elf mage (D:10)
  5 orc sorcerers
  Maurice (D:9)
  8 elephants (Lair:6)
  4 black mambas
  2 torpor snails
  2 molten gargoyles (Lair:4)
  A centaur zombie (D:11)
  Psyche (D:11)
  8 spiny frogs
  8 komodo dragons
  5 trolls
  5 polar bears
  3 two-headed ogres
  A tyrant leech (Lair:3)
  4 hippogriffs
  2 hornets (Lair:6)
  15 blink frogs
  13 spriggans (Lair:6)
  A redback (Lair:6)
  2 wyverns
  42 yaks
  2 hungry ghosts
  A steam dragon (D:7)
  4 wargs (Orc:2)
  2 hell hounds (D:11)
  4 porcupines
  7 water moccasins
  43 orc warriors
  A sky beast (D:9)
  3 ice beasts
  3 black bears
  2 phantoms
  3 boggarts (Lair:6)
  11 ogres
  31 wolves
  6 centaurs
  7 crocodiles
  2 big kobolds
  13 bullfrogs
  5 scorpions
  5 killer bees (D:6)
  5 howler monkeys
  5 lava snakes (Lair:4)
  4 crimson imps
  2 bullfrog zombies
  5 bullfrog skeletons
  7 hounds
  5 jellies
  A centaur skeleton (D:5)
  14 orc priests
  28 orc wizards
  6 iguanas
  3 hell rats (D:5)
  9 worker ants
  A killer bee zombie (D:7)
  A hound zombie (D:5)
  A hound skeleton (D:5)
  3 worker ant zombies
  3 gnolls (D:6)
  4 river rats (D:5)
  19 adders
  2 oozes
  An adder skeleton (D:8)
  2 worms
  3 dart slugs
  7 leopard geckos
  94 orcs
  2 ball pythons (Lair:3)
  9 giant cockroaches
  4 goblins
  5 hobgoblins
  12 jackals
  7 quokkas
  9 bats
  5 frilled lizards
  2 jackal skeletons (D:6)
  A jackal zombie (D:6)
  19 kobolds
  A leopard gecko skeleton (D:4)
  29 rats
  3 rat zombies (D:4)
  2 fungi
  2 plants
652 creatures vanquished.

Vanquished Creatures (others)
  An ogre (D:7)
  A hound zombie (D:7)
  11 fungi
  3 plants (Lair:6)
16 creatures vanquished.

Grand Total: 668 creatures vanquished

Notes
Turn   | Place    | Note
-------+----------+-------------------------------------------
     0 | D:1      | Jorund the Demonspawn Gladiator began the quest for the Orb.
     0 | D:1      | Reached XP level 1. HP: 16/16 MP: 1/1
   123 | D:1      | Reached skill level 3 in Axes
   132 | D:1      | Gained mutation: Your flesh is heat resistant. (rF+) [demonic ancestry]
   132 | D:1      | Reached XP level 2. HP: 20/22 MP: 2/2
   720 | D:2      | Gained mutation: You have sharp toenails. [demonic ancestry]
   720 | D:2      | Reached XP level 3. HP: 27/27 MP: 3/3
   878 | D:2      | Found a white marble altar of Elyvilon.
  1058 | D:2      | Reached skill level 4 in Axes
  1502 | D:2      | Found a bloodstained altar of Trog.
  1508 | D:2      | Reached skill level 1 in Armour
  1581 | D:2      | Found a faded altar of an unknown god.
  1581 | D:2      | Found a faded altar of an unknown god.
  1586 | D:2      | Found a faded altar of an unknown god.
  1588 | D:2      | Found a faded altar of an unknown god.
  1590 | D:2      | Found a stormy altar of Qazlal.
  1651 | D:3      | Reached XP level 4. HP: 23/33 MP: 4/4
  1930 | D:3      | Gained mutation: You have razor-sharp toenails. [demonic ancestry]
  1930 | D:3      | Reached XP level 5. HP: 13/38 MP: 5/5
  2190 | D:3      | Reached skill level 5 in Axes
  2745 | D:4      | Found Kett's Antique Armour Shoppe.
  2756 | D:4      | Gained mutation: You have claws for feet. [demonic ancestry]
  2756 | D:4      | Reached XP level 6. HP: 36/44 MP: 6/6
  2796 | D:4      | Found a deep blue altar of Sif Muna.
  2796 | D:4      | Found an iron altar of Okawaru.
  2818 | D:4      | Became a worshipper of Warmaster Okawaru
  3103 | D:4      | Found a sparkling altar of Nemelex Xobeh.
  3200 | D:4      | Reached skill level 6 in Axes
  3803 | D:4      | Found an ancient bone altar of Kikubaaqudgha.
  4105 | D:5      | Entered Level 5 of the Dungeon
  4124 | D:5      | Noticed an ice beast
  4406 | D:5      | Reached XP level 7. HP: 38/50 MP: 7/7
  4456 | D:5      | HP: 2/50 [hell rat (14)]
  4459 | D:5      | Reached * piety under Okawaru
  4779 | D:5      | Found Wakhes's Jewellery Boutique.
  4796 | D:5      | Reached skill level 7 in Axes
  5053 | D:5      | Reached skill level 8 in Axes
  5080 | D:5      | Reached XP level 8. HP: 23/56 MP: 8/8
  5423 | D:5      | Reached ** piety under Okawaru
  5823 | D:6      | Reached skill level 9 in Axes
  6199 | D:5      | Bought an uncursed ring of poison resistance for 300 gold pieces
  6671 | D:7      | Found a shadowy altar of Dithmenos.
  6704 | D:7      | Reached *** piety under Okawaru
  6704 | D:7      | Gained mutation: Your movements are slightly less encumbered by armour. (ER -2) [demonic ancestry]
  6704 | D:7      | Reached XP level 9. HP: 25/61 MP: 9/9
  6721 | D:7      | Reached skill level 10 in Axes
  6739 | D:7      | Found a staircase to the Ecumenical Temple.
  6832 | D:7      | Reached skill level 5 in Armour
  6834 | D:7      | Received a gift from Okawaru
  7042 | D:7      | Found a sparkling altar of Nemelex Xobeh.
  7105 | D:7      | Got a diamond-encrusted leather armour
  7134 | D:7      | Found a shattered altar of Ashenzari.
  7764 | D:8      | Reached skill level 11 in Axes
  7811 | D:8      | Identified a scroll of acquirement
  7812 | D:8      | Got a blackened battleaxe
  7838 | D:8      | Identified the +4 battleaxe "Jucuet" {venom, rElec} (You acquired it on level 8 of the Dungeon)
  8058 | D:8      | Reached **** piety under Okawaru
  8272 | D:8      | Gained mutation: You are partially covered in sharp spines. [demonic ancestry]
  8272 | D:8      | Reached XP level 10. HP: 67/67 MP: 10/10
  8390 | D:8      | Identified the +3 leather armour "Masethrent" {Str+6 Int+3} (You found it on level 7 of the Dungeon)
  8406 | D:9      | Found a staircase to the Orcish Mines.
  8484 | D:9      | Reached skill level 12 in Axes
  8501 | D:9      | Noticed Maurice
  8511 | D:9      | Noticed a red ugly thing
  8519 | D:9      | Killed a red ugly thing
  8530 | D:9      | Killed Maurice
  8992 | D:9      | Found a basalt altar of Yredelemnul.
  9075 | D:9      | Reached ***** piety under Okawaru
  9114 | D:9      | Found an opulent altar of Gozag.
  9632 | D:10     | Entered Level 10 of the Dungeon
  9680 | D:10     | Reached skill level 13 in Axes
  9982 | D:10     | Found a shattered altar of Ashenzari.
 10137 | D:10     | Found a deep blue altar of Sif Muna.
 10190 | D:10     | Noticed Sonja
 10195 | D:10     | Killed Sonja
 10195 | D:10     | Received a gift from Okawaru
 10195 | D:10     | Reached XP level 11. HP: 72/72 MP: 11/11
 10394 | D:10     | Noticed a deep elf mage
 10403 | D:10     | Killed a deep elf mage
 10552 | D:11     | Killed an unseen horror
 10713 | D:11     | Found Rosiuvea's Gadget Boutique.
 10751 | D:11     | Noticed a hill giant
 10860 | D:11     | Killed a hill giant
 10860 | D:11     | Reached skill level 14 in Axes
 10868 | D:11     | Noticed Psyche
 10870 | D:11     | Killed Psyche
 10946 | D:11     | Noticed a skeletal warrior
 10946 | D:11     | Noticed a skeletal warrior
 10946 | D:11     | Noticed a skeletal warrior
 10959 | D:11     | Killed a skeletal warrior
 11301 | D:11     | Found a staircase to the Lair.
 11305 | D:11     | Noticed Fannar
 11714 | D:11     | Found a roughly hewn altar of Beogh.
 11982 | D:11     | Received a gift from Okawaru
 12139 | D:11     | Killed Fannar
 12139 | D:11     | Reached skill level 1 in Invocations
 12534 | Lair:1   | Entered Level 1 of the Lair of Beasts
 13247 | Lair:2   | Reached skill level 15 in Axes
 13256 | Lair:2   | Gained mutation: Your movements are less encumbered by armour. (ER -4) [demonic ancestry]
 13256 | Lair:2   | Reached XP level 12. HP: 72/78 MP: 11/13
 13524 | Lair:2   | Gained mutation: Your spells are a little harder to cast, but a little more powerful. [potion of mutation]
 13524 | Lair:2   | Gained mutation: You have a pair of small horns on your head. [potion of mutation]
 13524 | Lair:2   | Gained mutation: You can translocate small distances at will. [potion of mutation]
 14098 | Lair:2   | Noticed a six-headed hydra
 14610 | Lair:3   | Received a gift from Okawaru
 14611 | Lair:3   | Found a staircase to the Snake Pit.
 15233 | Lair:3   | Found a staircase to the Swamp.
 15506 | Lair:3   | Gained mutation: Your mind is acute. (Int +2) [potion of mutation]
 15506 | Lair:3   | Gained mutation: Your magical capacity is low. (-10% MP) [potion of mutation]
 15506 | Lair:3   | Lost mutation: Your magical capacity is low. (-10% MP) [potion of mutation]
 15559 | Lair:4   | Received a gift from Okawaru
 15661 | Lair:4   | Noticed a six-headed hydra
 15676 | Lair:4   | Noticed TugoseryaHuesosov's ghost (journeyman MfGl)
 15693 | Lair:4   | Killed TugoseryaHuesosov's ghost
 15693 | Lair:4   | Reached skill level 16 in Axes
 15761 | Lair:4   | Reached skill level 5 in Invocations
 16705 | Lair:5   | Reached XP level 13. HP: 88/88 MP: 17/17
 16831 | Lair:5   | Reached ****** piety under Okawaru
 16847 | Lair:5   | Received a gift from Okawaru
 16913 | Lair:5   | Got an encrusted eveningstar
 17211 | Lair:5   | Identified the +8 eveningstar of the Aged Beds {freeze, rF+} (You found it on level 5 of the Lair of Beasts)
 17257 | Lair:6   | Entered Level 6 of the Lair of Beasts
 17552 | Lair:6   | Reached skill level 5 in Fighting
 17580 | Lair:6   | Reached skill level 17 in Axes
 17737 | Lair:6   | Reached skill level 10 in Armour
 17934 | Lair:6   | Found a glowing silver altar of Zin.
 18160 | Lair:6   | Found a staircase to the Slime Pits.
 18161 | Lair:6   | Found a viscous altar of Jiyva.
 18542 | Lair:6   | Received a gift from Okawaru
 19006 | Orc:1    | Entered Level 1 of the Orcish Mines
 19177 | Orc:1    | Found a roughly hewn altar of Beogh.
 19588 | Orc:2    | Entered Level 2 of the Orcish Mines
 19588 | Orc:2    | Found Duemnuka's General Store.
 19589 | Orc:2    | Found Laak's Book Emporium.
 19598 | Orc:1    | Gained mutation: You are immune to clouds of flame. [demonic ancestry]
 19598 | Orc:1    | Reached XP level 14. HP: 36/101 MP: 19/19
 20189 | Orc:2    | Bought a potion of haste for 130 gold pieces
 20189 | Orc:2    | Bought a potion of curing for 39 gold pieces
 20254 | Orc:2    | Noticed an orc warlord
 20274 | Orc:2    | Killed an orc warlord
 20311 | Orc:2    | Found Wipnus's General Store.
 20686 | Orc:2    | Reached skill level 18 in Axes
 20757 | Orc:2    | Bought a scroll of identify for 22 gold pieces
 20770 | Orc:2    | Found Okhlydeg's Antique Armour Emporium.
 21213 | Orc:2    | Killed from afar by an orc high priest

Vault maps used:
D:1:      minmay_arrival_radiant_lines
D:2:      overflow_temple_1_default, elyvilon_altar_3,
          chequers_temple_overflow_minitemple
D:4:      lemuel_zombie_altar_kikubaaqudgha, gammafunk_temple_overflow_statue,
          serial_shops, nicolae_shop_overgrown_old_shop,
          nemelex_dance_club_becter
D:5:      lemuel_ratsnest, serial_shops, shop, first_bread, grunt_ministairs_11
D:7:      grunt_dithmenos_smoke_and_mirrors, nemelex_altar_shiori,
          kennysheep_mini_moat
D:8:      grunt_pizzeria
D:9:      marbit_many_paths, david_orc_3, grunt_gozag_breadcrumbs, uniq_maurice
D:10:     basic_altar, ashenzari_altar_1, uniq_sonja
D:11:     minmay_lair_entry_lava, serial_shops, shop, uniq_psyche, uniq_fannar
Lair:1:   grunt_megastairs_3
Lair:2:   grunt_forest_large_clearings
Lair:3:   minmay_swamp_entry_worms, minmay_snake_entry_six_corridors,
          beast_lair_carwin_4
Lair:4:   cheibrodos_magma_flow, cheibrodos_lair_caveside_slide,
          lemuel_fruit_tree
Lair:6:   minmay_lair_end_enchanted_forest, slime_altar_1, basic_altar,
          nicolae_quartered_pool_little
Orc:1:    mines1_david
Orc:2:    grunt_orc_gardens, grunt_orc_garden, grunt_orc_garden,
          grunt_orc_garden, grunt_orc_garden, serial_shops, shop

Skill      XL: |  1  2  3  4  5  6  7  8  9 10 11 12 13 14 |
---------------+-------------------------------------------+-----
Axes           | 3 4 5 6 8 9 11 13 15 16 17 18 | 18.1
Armour         | 1 2 3 4 5 7 8 9 10 | 10.5
Invocations    | 1 5 7 |  7.1
Fighting       | 3 6 7 |  7.2
Throwing       | |  1.7
Dodging        | |  2.6
Evocations     | |  0.6

Action                   |  1- 3 |  4- 6 |  7- 9 | 10-12 | 13-15 || total
-------------------------+-------+-------+-------+-------+-------++-------
Melee: War axe           |   136 |   226 |   469 |       |       ||   831
       Kick              |    11 |    52 |   135 |   165 |   141 ||   504
       Battleaxe         |       |       |    53 |   588 |   449 ||  1090
       Headbutt          |       |       |       |    40 |   102 ||   142
Throw: Throwing net      |       |     2 |     4 |       |       ||     6
       Javelin           |       |       |     2 |     2 |       ||     4
Invok: Heroism           |       |       |       |     8 |     5 ||    13
       Finesse           |       |       |       |       |     2 ||     2
Evoke: Wand              |       |       |       |     4 |       ||     4
  Use: Potion            |     1 |     2 |     5 |     7 |     1 ||    16
       Scroll            |    12 |     3 |    11 |    15 |     5 ||    46
 Stab: Held in net/web   |       |       |     2 |       |       ||     2
       Paralysed         |       |       |       |     5 |       ||     5
  Eat: Chunk             |     3 |     7 |    15 |    19 |    14 ||    58
       Fruit             |       |     1 |       |       |       ||     1
       Meat ration       |       |       |     1 |       |       ||     1
       Bread ration      |       |       |       |     2 |       ||     2
Armor: Leather armour    |    60 |       |       |       |       ||    60
       Scale mail        |     7 |   140 |   273 |   218 |       ||   638
       Chain mail        |       |       |       |    59 |   232 ||   291
Dodge: Dodged            |    91 |   117 |   250 |   291 |   239 ||   988
